 Dungeon Crawl Stone Soup version 0.28.0-43-g3370ac3207 (webtiles) character file.

Game seed: 9993235048023826595

12686 Eitelfritz the Cleaver (level 11, -1/99 HPs)
             Began as a Hill Orc Fighter on Mar 3, 2022.
             Was a Priest of Uskayaw.
             Slain by a freezing wraith (10 damage)
             ... on level 10 of the Dungeon.
             The game lasted 00:26:24 (8992 turns).

Eitelfritz the Cleaver (Hill Orc Fighter)           Turns: 8992, Time: 00:26:25

Health: -1/99      AC: 20    Str: 24    XL:     11   Next: 97%
Magic:  18/18      EV: 11    Int:  8    God:    Uskayaw [***...]
Gold:   345        SH:  0    Dex: 16    Spells: 10/10 levels left

rFire   + . .      SeeInvis .   a - +4 broad axe of the Jester {venom, rF+}
rCold   . . .      Faith    .   y - orb {mayhem}
rNeg    . . .      Spirit   .   e - +0 plate armour
rPois   .          Reflect  .   (no helmet)
rElec   .          Harm     .   G - +0 cloak
rCorr   .          Rampage  .   f - +0 pair of gloves
Will    .....                   J - +2 pair of boots {Stlth+}
Stlth   ..........              j - amulet of regeneration
HPRegen 1.06/turn               p - +6 ring of dexterity
MPRegen 0.16/turn               M - +4 ring of evasion

@: slowed, studying Long Blades, very slow
A: no striking features
a: Renounce Religion, Stomp, Line Pass


You were on level 10 of the Dungeon.
You worshipped Uskayaw.
Uskayaw was aware of your devotion.
You visited 2 branches of the dungeon, and saw 11 of its levels.
You also visited: Ossuary.

You collected 614 gold pieces.
You spent 269 gold pieces at shops.

Inventory:

Hand Weapons
 a - the +4 broad axe of the Jester (weapon) {venom, rF+}
   (You acquired it on level 5 of the Dungeon)

   It poisons the flesh of those it strikes.
   rF:        It protects you from fire.
 b - a +1 hand crossbow
 m - a +0 dagger
 n - a +0 war axe of electrocution
 R - a +3 flail of holy wrath
Missiles
 o - 61 bolts
 x - 20 poisoned darts (quivered)
 I - 6 boomerangs of dispersal
Armour
 c - a +0 buckler
 e - a +0 plate armour (worn)
 f - a +0 pair of gloves (worn)
 q - +0 steam dragon scales
 y - an orb of mayhem (worn)
 G - a +0 cloak (worn)
 J - a +2 pair of boots of stealth (worn)
Jewellery
 h - a +6 ring of intelligence
 j - an amulet of regeneration (around neck)
 p - a +6 ring of dexterity (left hand)
 r - a +6 ring of intelligence
 t - an amulet of magic regeneration
 E - a ring of flight
 M - a +4 ring of evasion (right hand)
Wands
 v - a wand of acid (14)
 F - a wand of digging (6)
 L - a wand of mindburst (12)
 N - a wand of iceblast (9)
 O - a wand of paralysis (4)
Scrolls
 g - 2 scrolls of amnesia
 i - 9 scrolls of teleportation
 k - a scroll of fog
 P - a scroll of identify
 Q - a scroll of blinking
Potions
 d - a potion of might
 l - a potion of brilliance {unknown}
 s - 5 potions of curing
 u - 2 potions of mutation
 w - 2 potions of flight
 z - 2 potions of attraction
 A - 2 potions of lignification
 B - 2 potions of cancellation
 C - a potion of magic {unknown}
 D - a potion of heal wounds {unknown}
 H - 2 potions of resistance {unknown}
 K - a potion of ambrosia {unknown}


   Skills:
 + Level 10.0 Fighting
 + Level 14.5 Axes
 + Level 4.2 Crossbows
 + Level 9.6 Armour
 + Level 0.6 Dodging
 + Level 3.6 Stealth
 + Level 4.4 Shields
 * Level 9.7 Invocations


You had 10 spell levels left.
You didn't know any spells.
Your spell library contained the following spells:

 Spells                   Type           Power      Damage    Failure   Level
 Slow                     Hex            0%         N/A       99%         1
 Sublimation of Blood     Necr           0%         N/A       100%        2
 Wereblood                Tmut           0%         N/A       100%        2
 Confusing Touch          Hex            0%         N/A       100%        3
 Conjure Flame            Conj/Fire      0%         6-21      100%        3
 Ignite Poison            Fire/Tmut/Pois 0%         N/A       100%        3
 Inner Flame              Hex/Fire       0%         N/A       100%        3
 Vampiric Draining        Necr           0%         2d6       100%        3
 Cause Fear               Hex            0%         N/A       100%        4
 Sticky Flame             Conj/Fire      0%         2d3       100%        4
 Summon Hydra             Summ           0%         N/A       100%        7
 Discord                  Hex            0%         N/A       100%        8


Dungeon Overview and Level Annotations

Branches:
Dungeon (10/15)            Temple (1/1) D:7         Ossuary (visited)
   Lair: D:8-11         Orc: D:9-12

Altars:
Ashenzari
Cheibriados
Dithmenos
Elyvilon
Fedhas
Gozag
Hepliaklqana
Kikubaaqudgha
Makhleb
Nemelex Xobeh
Okawaru
Qazlal
Ru
Sif Muna
Trog
Uskayaw
Vehumet
Wu Jian
Xom
Yredelemnul
Zin
The Shining One

Shops:
D:5 *=[*   D:6 !   D:10 **


Message History

The freezing wraith closely misses you.
You slash the freezing wraith!
The freezing wraith is moderately damaged.
The freezing wraith hits you! The freezing wraith freezes you!!
The freezing wraith closely misses you. x2
The freezing wraith hits you but does no damage.
You hit the freezing wraith.
The freezing wraith is heavily damaged.
The freezing wraith hits you. The freezing wraith freezes you!!
* * * LOW HITPOINT WARNING * * *
The freezing wraith barely misses you. x3
You hit the freezing wraith but do no damage.
The freezing wraith is heavily damaged.
The freezing wraith closely misses you. x2
The freezing wraith barely misses you. x2
Unknown command.
You completely miss the freezing wraith.
The freezing wraith is heavily damaged.
The freezing wraith hits you but does no damage. x3
The freezing wraith hits you.
* * * LOW HITPOINT WARNING * * *
You hit the freezing wraith but do no damage.
The freezing wraith is heavily damaged.
The freezing wraith closely misses you.
The freezing wraith hits you but does no damage.
The freezing wraith misses you. The freezing wraith hits you!
* * * LOW HITPOINT WARNING * * *
You feel better.
The freezing wraith hits you but does no damage.
The freezing wraith closely misses you.
The freezing wraith hits you but does no damage. x2
The freezing wraith hits you!
* * * LOW HITPOINT WARNING * * *
The freezing wraith freezes you!
* * * LOW HITPOINT WARNING * * *
The freezing wraith barely misses you.
You feel better. The freezing wraith barely misses you.
The freezing wraith hits you but does no damage.
The freezing wraith hits you!
You die...

##.## #..<.##
#...#...#...#######
#...###.....###..)'...'...#
#......^......#...#...#...#
#...#.......####'#######'##
####.......## #...#).|#)..#
............# #...#...')..#
####.).....####...#..(#...#
#####.>.......##'#######'##
.........######.@W#...#..(###
#
...####.#######...'...#...'.#
# ##.#
#.......#...#...#...#.# #
##.####.#####.#############.#
# .....##.# ### #.# #
........# #.##### ##.#.####
#...).. #.#.# #####.# #.#.##
#.#


You could see a neutral freezing wraith (fast, strong, insane).

Vanquished Creatures
  A hydra (D:10)
  A boulder beetle (D:10)
  A two-headed ogre (D:9)
  A tengu warrior (D:10)
  The ghost of Cykl0x the Geomancer, a novice GrEE of Vehumet (D:7)
  A wizard (D:10)
  A cyclops (D:10)
  4 hornets
  A troll (D:10)
  A shadow (D:7)
  3 wyverns
  7 yaks (D:9)
  A wraith (D:10)
  3 steam dragons
  A vampire mosquito (D:10)
  3 water moccasins
  3 ice beasts
  3 orc warriors
  3 sky beasts
  2 necrophages (D:6)
  2 centaurs
  3 ogres (D:4)
  2 kobold brigands
  2 elf zombies (Ossuary)
  4 scorpions
  4 bullfrogs
  6 killer bees (D:9)
  4 wights (D:8)
  An electric eel (D:8)
  5 howler monkeys
  A bullfrog zombie (D:6)
  7 centaur zombies
  4 human zombies (Ossuary)
  3 jellies
  5 orc priests
  A hound (D:4)
  3 quasits (D:7)
  A gnoll shaman (D:7)
  2 bullfrog skeletons
  4 iguanas
  5 orc wizards
  2 killer bee zombies (D:8)
  3 mummies (Ossuary)
  A howler monkey zombie (D:9)
  Robin (D:4)
  4 gnolls (D:6)
  A howler monkey skeleton (D:7)
  5 adders
  A worm (D:2)
  3 dart slugs
  33 orcs
  3 bats
  6 endoplasms
  8 giant cockroaches
  9 hobgoblins
  8 jackals
  12 kobolds
  2 quokkas
  4 ball pythons
  5 frilled lizards
  13 goblins
  3 rats
  A spectral orc (D:4)
  A bush (D:6)
240 creatures vanquished.

Vanquished Creatures (collateral kills)
  A centaur warrior (D:10)
  An efreet (D:10)
  A yak (D:9)
  An orc warrior (D:8)
  A black bear (D:7)
  A phantom (D:7)
  2 gnolls (D:7)
  2 orcs (D:8)
  3 kobolds
13 creatures vanquished.

Vanquished Creatures (others)
  A gnoll (D:7)
  3 orcs (D:8)
  A fungus (D:3)
  13 plants
18 creatures vanquished.

Grand Total: 271 creatures vanquished

Notes
Turn   | Place    | Note
-------+----------+-------------------------------------------
     0 | D:1      | Eitelfritz the Hill Orc Fighter began the quest for the
                  | Orb.
     0 | D:1      | Reached XP level 1. HP: 19/19 MP: 1/1
   206 | D:1      | Reached XP level 2. HP: 24/27 MP: 2/2
   259 | D:1      | Found a faded altar of an unknown god.
   283 | D:1      | Reached skill level 3 in Axes
   716 | D:1      | Reached XP level 3. HP: 33/33 MP: 3/3
  1893 | D:3      | Found a shimmering altar of Xom.
  1901 | D:3      | Found a blossoming altar of Fedhas.
  1923 | D:3      | Reached skill level 4 in Axes
  1923 | D:3      | Reached XP level 4. HP: 41/41 MP: 4/4
  1928 | D:3      | Found a stormy altar of Qazlal.
  2216 | D:3      | Found an iron altar of Okawaru.
  2411 | D:3      | Reached skill level 1 in Crossbows
  2411 | D:3      | Reached XP level 5. HP: 47/47 MP: 5/5
  2896 | D:4      | Noticed an ogre
  2904 | D:4      | Reached XP level 6. HP: 50/55 MP: 6/6
  2907 | D:4      | Reached skill level 5 in Fighting
  2907 | D:4      | Reached skill level 5 in Axes
  2917 | D:4      | Reached XP level 7. HP: 59/61 MP: 7/7
  3047 | D:4      | Found a sand-covered staircase.
  3067 | Ossuary  | Entered an ossuary
  3086 | Ossuary  | Reached skill level 6 in Axes
  3223 | Ossuary  | Reached skill level 7 in Axes
  3226 | Ossuary  | Reached skill level 5 in Armour
  3330 | Ossuary  | Reached XP level 8. HP: 65/70 MP: 8/8
  3339 | Ossuary  | Reached skill level 8 in Axes
  3711 | D:4      | Found a hide-covered altar of Uskayaw.
  3731 | D:4      | Became a worshipper of Uskayaw the Reveller
  3748 | D:4      | Reached * piety under Uskayaw
  3894 | D:4      | Reached ** piety under Uskayaw
  3896 | D:4      | Reached skill level 1 in Invocations
  4144 | D:4      | Found a hazy altar of Hepliaklqana.
  4188 | D:4      | Found a shimmering blue altar of Sif Muna.
  4346 | D:4      | Noticed Robin
  4353 | D:4      | Killed Robin
  4353 | D:4      | Reached *** piety under Uskayaw
  4509 | D:5      | Entered Level 5 of the Dungeon
  4588 | D:5      | Found Wivaude's Armour Emporium.
  4618 | D:5      | Bought a +1 pair of boots of stealth for 214 gold pieces
  4651 | D:5      | Found Eska's Jewellery Emporium.
  4697 | D:5      | Found Gauf's Assorted Antiques.
  4704 | D:5      | Bought a fizzy black potion for 26 gold pieces
  4704 | D:5      | Bought a scroll labelled IMONNU KUSTRE for 29 gold pieces
  4743 | D:5      | Found an ornate altar of the Wu Jian Council.
  4972 | D:5      | Reached skill level 9 in Axes
  5004 | D:5      | Found Yttiama's General Store.
  5214 | D:5      | Identified a scroll of acquirement
  5214 | D:5      | Acquired the +4 broad axe of the Jester {venom, rF+}
  5254 | D:6      | Found Vixzil's Distillery.
  5351 | D:6      | Found a broken altar of Ashenzari.
  5379 | D:6      | Found a shadowy altar of Dithmenos.
  5397 | D:6      | Reached skill level 1 in Stealth
  5397 | D:6      | Reached XP level 9. HP: 78/78 MP: 11/11
  5430 | D:6      | Reached **** piety under Uskayaw
  5541 | D:6      | Found a sacrificial altar of Ru.
  5739 | D:6      | Reached skill level 10 in Axes
  6174 | D:7      | Found a sparkling altar of Nemelex Xobeh.
  6189 | D:7      | Reached skill level 5 in Invocations
  6197 | D:7      | Reached skill level 11 in Axes
  6296 | D:7      | Found a staircase to the Ecumenical Temple.
  6306 | D:7      | Reached XP level 10. HP: 88/88 MP: 14/14
  6353 | D:7      | Found a transporter.
  6385 | D:7      | Found a transporter.
  6389 | D:7      | Noticed Cykl0x's ghost (novice GrEE)
  6663 | D:7      | Killed Cykl0x's ghost
  6664 | D:7      | Reached skill level 12 in Axes
  6735 | Temple   | Entered the Ecumenical Temple
  7560 | D:8      | Found a glowing silver altar of Zin.
  7954 | D:9      | Reached ***** piety under Uskayaw
  7956 | D:9      | Reached skill level 13 in Axes
  7998 | D:9      | Noticed a two-headed ogre
  8009 | D:9      | Killed a two-headed ogre
  8010 | D:9      | Reached XP level 11. HP: 57/97 MP: 16/16
  8238 | D:9      | Identified the +1 leather armour "Feirah" {rN+ SInv}
  8377 | D:10     | Entered Level 10 of the Dungeon
  8417 | D:10     | Noticed a five-headed hydra
  8428 | D:10     | Killed a ten-headed hydra
  8664 | D:10     | Found Baawaluo's Specific Store.
  8668 | D:10     | Found Timaes's General Store.
  8853 | D:10     | Noticed a tengu warrior
  8861 | D:10     | Killed a tengu warrior
  8862 | D:10     | Reached skill level 14 in Axes
  8880 | D:10     | Paralysed by a hornet for 1 turns
  8884 | D:10     | Noticed a cyclops
  8886 | D:10     | Noticed a centaur warrior
  8888 | D:10     | Killed a centaur warrior
  8900 | D:10     | Killed a cyclops
  8955 | D:10     | Noticed a wizard
  8963 | D:10     | Killed a wizard
  8967 | D:10     | Noticed a boulder beetle
  8972 | D:10     | Killed a boulder beetle
  8973 | D:10     | Reached skill level 10 in Fighting
  8991 | D:10     | HP: 2/99 [freezing wraith (9)]
  8992 | D:10     | Slain by a freezing wraith

Illustrated notes

Levels and vault maps discovered:
D:1:      scummos_arrival_star, layout_basic, ebering_ecumenical_altar_mist,
          serial_bayou_pond_b, minmay_pentomino_s2
D:2:      layout_loops_ring
D:3:      layout_rooms, mainiacjoe_overflow_six_doors_small,
          overflow_temple_1_default, grunt_temple_overflow_forces_of_nature
D:4:      kennysheep_goblin_castle, layout_cave_pods, lemuel_blue_sif_altar,
          nicolae_hepliaklqana_monster_ancestors,
          nicolae_uskayaw_murder_on_the_dancefloor,
          lightli_ossuary_entry_decrepit_ruins
D:5:      layout_loops_ring, lemuel_tele_altar, serial_shops,
          nicolae_shop_stone, shop, nicolae_shop_advertising_works
          [nicolae_subvault_shop_adworks], nicolae_shop_stone,
          serial_bayou_lagoon_b
D:6:      layout_loops_ring, nicolae_ru_path_of_blood,
          mainiacjoe_overflow_catch_the_wave, serial_shops,
          kennysheep_mini_moat, serial_bayou_pond_c
D:7:      layout_rooms, mainiacjoe_overflow_small_starburst,
          minmay_temple_entry_proselytizer, gammafunk_ghost_stat_death
D:8:      layout_basic, mainiacjoe_overflow_catwalk, special_room
          [special_room_orc], serial_bayou_lake_a
D:9:      layout_big_octagon
D:10:     layout_loops_ring, nicolae_specific_store,
          minmay_misc_feat_nine_boxes, minmay_evil_grid
Temple:   jpeg_temple_island

Skill      XL: |  1  2  3  4  5  6  7  8  9 10 11 |
---------------+----------------------------------+-----
Axes           | 3 4 5 7 9 11 13 14 | 14.5
Fighting       | 4 5 6 8 9 10 | 10.0
Crossbows      | 1 2 3 4 |  4.2
Armour         | 4 5 6 8 9 |  9.6
Shields        | 4 |  4.4
Invocations    | 3 5 7 9 |  9.7
Stealth        | 1 2 3 |  3.6
Dodging        | |  0.6

Action                   |  1- 3 |  4- 6 |  7- 9 | 10-12 || total
-------------------------+-------+-------+-------+-------++-------
Melee: War axe           |    89 |    58 |   109 |       ||   256
       Broad axe         |       |       |    93 |   207 ||   300
 Fire: Hand crossbow     |    16 |    30 |    35 |     3 ||    84
Evoke: Wand              |       |       |       |     1 ||     1
  Use: Scroll            |       |       |    10 |     7 ||    17
       Potion            |       |       |       |     4 ||     4
 Stab: Paralysed         |       |       |     2 |    16 ||    18
       Distracted        |       |       |       |     1 ||     1
Armor: Scale mail        |    40 |    21 |       |       ||    61
       Plate armour      |       |     4 |   181 |   141 ||   326
Dodge: Dodged            |    41 |    18 |    77 |   126 ||   262
Block: Buckler           |    17 |    12 |    37 |       ||    66
